[Event "Titled Tuesday Blitz January 17 Late 2023"]
[White "Estrada Nieto, Julian"]
[Black "Romero Ruscalleda, Josep"]
[WhiteFideId "5101018"]
[BlackFideId "2231859"]
[WhiteElo "2215"]
[BlackElo "2160"]
[Result "1-0"]
[Round "07"]
[TimeControl "180+2"]
[Date "2023.01.17"]
[WhiteClock "0:01:11"]
[BlackClock "0:00:27"]

1. e4 g6 2. d4 Bg7 3. Nf3 d6 4. Nc3 a6 5. a4 Nc6 6. Be2 Nf6 7. O-O O-O 8. d5 Nb8 9. h3 e6 10. dxe6 Bxe6 11. Nd4 Bd7 12. f4 Nc6 13. Be3 Re8 14. Bf3 Nxd4 15. Bxd4 Bc6 16. Qd3 Qd7 17. a5 Re7 18. Rae1 Rae8 19. Re2 Bb5 20. Nxb5 Qxb5 21. Qxb5 axb5 22. Rfe1 Nd7 23. c3 Bh6 24. g3 c5 25. Bf2 Bg7 26. Rd1 Bf8 27. Rxd6 Rxe4 28. Rxe4 Rxe4 29. Rxd7 Ra4 30. Rd8 Kg7 31. Bxb7 Rxa5 32. Bd5 b4 33. c4 Ra1+ 34. Kg2 Ra2 35. Rd7 Rxb2 36. Rxf7+ Kh6 37. Rxf8 b3 38. Rb8 Rb1 39. Kf3 b2 40. Be4 Rc1 41. Rxb2 Rxc4 42. Rc2 Ra4 43. Bxc5 Ra1 44. Bd4 Rf1+ 45. Kg4 Rd1 46. Be3 Re1 47. Kf3 Rf1+ 48. Kg2 Re1 49. Kf2 Ra1 50. g4 Ra3 51. f5+ Kg7 52. Rc7+ Kf6 53. Bd4+ Kg5 54. f6 Kf4 55. f7 Ra2+ 56. Bc2 Ra8 57. Bg7 1-0


[Site "https://www.chess.com"]

[Event "Titled Tuesday Blitz January 17 Late 2023"]
[White "Batista, Renato Luiz"]
[Black "Davidson, Kevin"]
[WhiteFideId "2106540"]
[BlackFideId "2056810"]
[WhiteElo "2174"]
[BlackElo "2154"]
[Result "0-1"]
[Round "07"]
[TimeControl "180+2"]
[Date "2023.01.17"]
[WhiteClock "0:00:09"]
[BlackClock "0:00:02"]

1. e4 c5 2. Nf3 d6 3. d4 cxd4 4. Nxd4 Nf6 5. f3 e5 6. Bb5+ Nbd7 7. Nb3 a6 8. Be2 b5 9. O-O Be7 10. a4 Rb8 11. a5 O-O 12. Be3 Qc7 13. Nc3 Bb7 14. Rc1 Nc5 15. Qd2 Rfc8 16. Bg5 Nxb3 17. cxb3 Qxa5 18. Bxf6 Bxf6 19. Qxd6 Rd8 20. Qc5 Rbc8 21. Qf2 Qb4 22. Nd5 Bxd5 23. exd5 Qxb3 24. d6 Rxc1 25. Rxc1 Qxb2 26. Rd1 a5 27. g4 a4 28. Kf1 a3 29. h4 h6 30. Qe3 a2 31. g5 hxg5 32. hxg5 a1=Q 33. gxf6 gxf6 34. f4 Qxd1+ 35. Bxd1 Qd4 36. Qg3+ Kf8 37. Bb3 Qxf4+ 38. Qxf4 exf4 39. Kf2 Rxd6 40. Kf3 Rd4 41. Bc2 Ke7 42. Kg4 b4 43. Kf5 Rc4 44. Be4 b3 45. Bd5 Rb4 46. Bxb3 Rxb3 47. Ke4 Rb5 48. Kd3 Ke6 49. Kc4 Rd5 50. Kc3 f3 0-1


[Site "https://www.chess.com"]

[Event "Titled Tuesday Blitz January 17 Late 2023"]
[White "Mendez Machado, Andre"]
[Black "Stachanczyk, Jacek"]
[WhiteFideId "6603793"]
[BlackFideId "1116657"]
[WhiteElo "1974"]
[BlackElo "2147"]
[Result "1-0"]
[Round "07"]
[TimeControl "180+2"]
[Date "2023.01.17"]
[WhiteClock "0:00:12"]
[BlackClock "0:00:31"]

1. e4 c5 2. Nc3 Nc6 3. Bb5 Nd4 4. Nf3 Nxb5 5. Nxb5 d6 6. d4 cxd4 7. Qxd4 a6 8. Nc3 Nf6 9. Be3 e6 10. O-O-O Qc7 11. Rhg1 Be7 12. g4 O-O 13. g5 Nd7 14. h4 Ne5 15. Nxe5 dxe5 16. Qb6 Bd8 17. Na4 Qxb6 18. Bxb6 Be7 19. Bc7 b5 20. Nc3 Bc5 21. Rgf1 Bb7 22. Bxe5 b4 23. Na4 Ba7 24. f3 f6 25. gxf6 gxf6 26. Bd6 Rf7 27. Nc5 Bxc5 28. Bxc5 Rc8 29. Rg1+ Rg7 30. Bxb4 f5 31. Bc3 Rg6 32. h5 Rxg1 33. Rxg1+ Kf8 34. Rg7 Ba8 35. Rxh7 Rc4 36. Rh8+ Kf7 37. Rxa8 fxe4 38. fxe4 Rxe4 39. Rxa6 Rh4 40. Ra7+ Ke8 41. Rh7 Kf8 42. Rh8+ Kf7 43. h6 e5 44. Bxe5 Ke6 45. Bc3 Kf5 46. b3 Ke4 47. Kb2 Kf5 48. h7 Kg6 49. Rg8+ 1-0


[Site "https://www.chess.com"]

[Event "Titled Tuesday Blitz January 17 Late 2023"]
[White "Kaganskiy, Gleb"]
[Black "Papp, Petra"]
[WhiteFideId "4132025"]
[BlackFideId "739049"]
[WhiteElo "2205"]
[BlackElo "2343"]
[Result "1-0"]
[Round "07"]
[TimeControl "180+2"]
[Date "2023.01.17"]
[WhiteClock "0:00:58"]
[BlackClock "0:01:16"]

1. e4 g6 2. d4 Bg7 3. Nc3 c6 4. f4 d5 5. e5 h5 6. Be3 Nh6 7. Nf3 Nf5 8. Bf2 f6 9. Qd2 fxe5 10. fxe5 O-O 11. O-O-O b5 12. Kb1 a5 13. h3 a4 14. g4 b4 15. gxf5 bxc3 16. Qxc3 Bxf5 17. Rg1 Nd7 18. Bd3 Qa5 19. Bxf5 Rxf5 20. Qxc6 Rxf3 21. Qxg6 Kf8 22. Qxg7+ Ke8 23. e6 Nf6 24. Qh8+ 1-0


[Site "https://www.chess.com"]

[Event "Titled Tuesday Blitz January 17 Late 2023"]
[White "Kalajzic, Ivan"]
[Black "Torres Dominguez, David"]
[WhiteFideId "14506378"]
[BlackFideId "2220857"]
[WhiteElo "2062"]
[BlackElo "1994"]
[Result "0-1"]
[Round "07"]
[TimeControl "180+2"]
[Date "2023.01.17"]
[WhiteClock "0:00:14"]
[BlackClock "0:00:32"]

1. b3 Nf6 2. Bb2 g6 3. Bxf6 exf6 4. c4 Bg7 5. Nc3 O-O 6. g3 f5 7. Bg2 Nc6 8. e3 d6 9. Nge2 Qd7 10. O-O b6 11. b4 Bb7 12. d4 Rfb8 13. Nd5 Ne7 14. Nef4 c6 15. Nxe7+ Qxe7 16. a4 a5 17. b5 cxb5 18. axb5 Bxg2 19. Kxg2 Rc8 20. Nd5 Qd7 21. Qf3 Rab8 22. Rfc1 h5 23. h4 Qe6 24. Rc2 Kh8 25. Rac1 Qd7 26. Nf4 Rb7 27. Qd5 Rbc7 28. Nd3 Qe6 29. Nf4 Qe7 30. Kf3 Bh6 31. Nd3 Re8 32. c5 Qe4+ 33. Qxe4 fxe4+ 34. Ke2 exd3+ 35. Kxd3 dxc5 36. dxc5 Rd8+ 37. Ke4 Rxc5 38. Rxc5 bxc5 39. Rxc5 a4 40. b6 Rb8 41. Ra5 Rxb6 42. Rxa4 Bf8 43. Ra7 Kg7 44. Ra4 Rb4+ 45. Rxb4 Bxb4 46. f3 Kf6 47. g4 Be1 48. gxh5 gxh5 49. f4 Bxh4 50. Kf3 Ke6 51. e4 Bf6 52. Kg3 Kd6 53. Kf3 Kc5 54. e5 Bxe5 55. Ke4 Bf6 56. Kf5 Be7 57. Ke4 Kd6 58. f5 Bf6 59. Kf4 Kd5 60. Kf3 Ke5 0-1


[Site "https://www.chess.com"]

[Event "Titled Tuesday Blitz January 17 Late 2023"]
[White "Seletsky, Grigory"]
[Black "Adithya A Chullikkad"]
[WhiteFideId "14112191"]
[BlackFideId "45078734"]
[WhiteElo "2259"]
[BlackElo "2259"]
[Result "1-0"]
[Round "07"]
[TimeControl "180+2"]
[Date "2023.01.17"]
[WhiteClock "0:00:13"]
[BlackClock "0:00:01"]

1. a3 c5 2. c4 a6 3. Nc3 Nf6 4. Nf3 e6 5. d4 cxd4 6. Nxd4 Nc6 7. e4 Bc5 8. Nb3 Ba7 9. c5 O-O 10. Be3 b6 11. Be2 b5 12. O-O Bb7 13. f4 d6 14. Qe1 Qe7 15. Qf2 dxc5 16. Bxc5 Bxc5 17. Nxc5 Rac8 18. b4 e5 19. Nd5 Nxd5 20. exd5 Nd4 21. Nxb7 Qxb7 22. fxe5 Nxe2+ 23. Qxe2 Qxd5 24. Rad1 Qc4 25. Qxc4 bxc4 26. Rc1 Rfe8 27. Rf4 Rxe5 28. Rfxc4 Rxc4 29. Rxc4 f6 30. Rc8+ Kf7 31. Rc7+ Re7 32. Rc5 Re3 33. Ra5 Re6 34. Kf2 g5 35. g4 Ke7 36. Kf3 Kf7 37. a4 Rb6 38. b5 axb5 39. Rxb5 Ra6 40. a5 Kg6 41. h3 h6 42. Ke4 Re6+ 43. Kd4 Re1 44. Kc5 Re3 45. a6 Rxh3 46. Kb6 Ra3 47. Ra5 Rb3+ 48. Kc7 Rc3+ 49. Kd7 Rd3+ 50. Ke7 Re3+ 51. Kf8 Rc3 52. a7 Rc8+ 53. Ke7 h5 54. gxh5+ Kxh5 55. Kxf6 Kh4 56. Rxg5 Rf8+ 57. Ke7 Ra8 58. Ra5 Kg4 59. Kd7 1-0


[Site "https://www.chess.com"]

[Event "Titled Tuesday Blitz January 17 Late 2023"]
[White "Djordjevic, Dejan N"]
[Black "Hoffmann, Asa"]
[WhiteFideId "913316"]
[BlackFideId "2001470"]
[WhiteElo "2167"]
[BlackElo "2185"]
[Result "0-1"]
[Round "07"]
[TimeControl "180+2"]
[Date "2023.01.17"]
[WhiteClock "0:00:29"]
[BlackClock "0:01:36"]

1. e4 d6 2. d4 Nf6 3. Nc3 c6 4. g3 Nbd7 5. Bg2 e5 6. Nge2 Be7 7. O-O b5 8. a3 a6 9. h3 Bb7 10. f4 O-O 11. Be3 Qc7 12. Bf2 Rfe8 13. g4 Nb6 14. b3 Nfd7 15. Qd2 c5 16. d5 exf4 17. Nxf4 Bf6 18. Rae1 b4 19. axb4 cxb4 20. Nce2 Rac8 21. Nh5 Be5 22. Nd4 g6 23. Ng3 a5 24. Rc1 Qc3 25. Qd1 Bxg3 26. Bxg3 Qxg3 27. Rf3 Qe5 28. Qd2 Nc5 29. Re3 Nxd5 30. Nf3 Qf4 0-1


[Site "https://www.chess.com"]

[Event "Titled Tuesday Blitz January 17 Late 2023"]
[White "Almedina Ortiz, Edgardo J."]
[Black "Desideri, Ricardo Maruchi"]
[WhiteFideId "3100197"]
[BlackFideId "2110440"]
[WhiteElo "2156"]
[BlackElo "1959"]
[Result "0-1"]
[Round "07"]
[TimeControl "180+2"]
[Date "2023.01.17"]
[WhiteClock "0:00:15"]
[BlackClock "0:01:07"]

1. Nf3 c5 2. c4 b6 3. g3 Bb7 4. Bg2 e6 5. O-O Be7 6. Nc3 Nf6 7. b3 O-O 8. Bb2 a6 9. d4 cxd4 10. Qxd4 d6 11. Rfd1 Nbd7 12. Rac1 Qc7 13. h3 Rac8 14. e4 Rfe8 15. Qe3 Qb8 16. Kh2 Qa8 17. Na4 b5 18. cxb5 axb5 19. Nb6 Nxb6 20. Qxb6 Bxe4 21. Ne1 Bxg2 22. Nxg2 Qxa2 23. Bxf6 Bxf6 24. Rxc8 Rxc8 25. Rxd6 Qxb3 26. Nf4 h6 27. Nh5 Be5 28. Rd7 Qf3 29. Nf4 Bxf4 30. gxf4 Qxf4+ 31. Kg2 Qe4+ 32. Kh2 Qe5+ 33. Kg2 Rc2 34. Rd3 Qe4+ 35. Rf3 Rc3 0-1


[Site "https://www.chess.com"]

[Event "Titled Tuesday Blitz January 17 Late 2023"]
[White "Ward, Ieuan C"]
[Black "Aguilar, Juan"]
[WhiteFideId "406627"]
[BlackFideId "3800091"]
[WhiteElo "2028"]
[BlackElo "2254"]
[Result "0-1"]
[Round "07"]
[TimeControl "180+2"]
[Date "2023.01.17"]
[WhiteClock "0:00:04"]
[BlackClock "0:00:28"]

1. e4 g6 2. Nf3 Bg7 3. d4 d6 4. Nc3 Nf6 5. Bd3 c6 6. Bg5 Qc7 7. O-O O-O 8. Qd2 e5 9. Bh6 Nbd7 10. Bxg7 Kxg7 11. a4 a5 12. Rad1 Re8 13. h3 Nh5 14. Ne2 Nf8 15. dxe5 dxe5 16. Bc4 Ne6 17. Qd6 Qxd6 18. Rxd6 Nhf4 19. Nxf4 Nxf4 20. c3 Be6 21. Bxe6 Rxe6 22. Rxe6 Nxe6 23. Nxe5 Nc5 24. Nc4 Nxa4 25. Ra1 b5 26. Ra2 Nc5 27. Rxa5 Re8 28. f3 Nd3 29. Nd6 Re6 30. Nb7 Nxb2 31. Ra6 Nd1 32. Nd8 Rd6 33. Nxc6 Nxc3 34. Nb4 Rxa6 35. Nxa6 Kf6 36. f4 Nxe4 37. Kf1 Kf5 38. Nc7 Kxf4 39. Ke2 Kg3 40. Ke3 Nd6 0-1


[Site "https://www.chess.com"]

[Event "Titled Tuesday Blitz January 17 Late 2023"]
[White "Castellanos Hernandez, Emilio Au"]
[Black "Ovezdurdyyeva, Jemal"]
[WhiteFideId "5114179"]
[BlackFideId "14001888"]
[WhiteElo "1964"]
[BlackElo "2078"]
[Result "1-0"]
[Round "07"]
[TimeControl "180+2"]
[Date "2023.01.17"]
[WhiteClock "0:00:12"]
[BlackClock "0:00:02"]

1. d4 Nf6 2. Bf4 d5 3. e3 e6 4. Nf3 Ne4 5. Nbd2 f5 6. Ne5 g6 7. h4 Nd7 8. Nxe4 fxe4 9. h5 g5 10. h6 Nxe5 11. Bxe5 Rg8 12. Be2 Qe7 13. Bh5+ Kd8 14. a3 Bxh6 15. c4 Bg7 16. Bg3 Bd7 17. Qc2 Bc6 18. O-O-O Bf6 19. c5 Kd7 20. Bg4 Raf8 21. Qc3 Kc8 22. Qa5 Kb8 23. b4 e5 24. b5 Be8 25. dxe5 Bxe5 26. Rxd5 Bxg3 27. fxg3 Bf7 28. Rxh7 Rh8 29. Rxh8 Rxh8 30. Rd1 Qxc5+ 31. Kb1 Bc4 32. Qb4 Bd3+ 33. Kb2 Qe5+ 34. Ka2 Qxg3 35. Bf5 Qxg2+ 36. Qb2 Qxb2+ 37. Kxb2 Rf8 38. Bg6 c5 39. bxc6 bxc6 40. Kc3 Rf3 41. Kd4 Rh3 42. Rg1 c5+ 43. Kxc5 Rxe3 44. Rxg5 Bb1 45. Kd4 Rxa3 46. Rb5+ Kc7 47. Rxb1 Ra4+ 48. Ke3 Ra3+ 49. Kf4 Ra4 50. Bxe4 Kd6 51. Ke3 Ra3+ 52. Bd3 Kd5 53. Rb5+ Kc6 54. Rh5 a5 55. Kd4 Ra1 56. Rh6+ Kc7 57. Kc5 a4 58. Bc4 a3 59. Rh7+ Kd8 60. Kd6 Kc8 61. Bd5 Kb8 62. Rh8+ Ka7 63. Kc7 Ka6 64. Bc6 Ka5 65. Rh4 a2 66. Ra4# 1-0


[Site "https://www.chess.com"]

[Event "Titled Tuesday Blitz January 17 Late 2023"]
[White "Vifleemskaia, Svetlana"]
[Black "Cepo, Toni"]
[WhiteFideId "4129490"]
[BlackFideId "4675916"]
[WhiteElo "1971"]
[BlackElo "2145"]
[Result "1-0"]
[Round "07"]
[TimeControl "180+2"]
[Date "2023.01.17"]
[WhiteClock "0:00:48"]
[BlackClock "0:00:11"]

1. d4 Nf6 2. c4 e6 3. Nc3 Bb4 4. e3 d5 5. Ne2 O-O 6. a3 Be7 7. cxd5 exd5 8. g3 Bf5 9. Bg2 c6 10. O-O Nbd7 11. f3 Bg6 12. e4 dxe4 13. fxe4 Nb6 14. Qb3 Qd7 15. h3 Rad8 16. Be3 Rfe8 17. Rad1 Bd6 18. e5 Bb8 19. Nf4 Nfd5 20. Ncxd5 Nxd5 21. Nxd5 cxd5 22. Bg5 Rc8 23. Qxd5 Qa4 24. Rd2 h6 25. Be3 b6 26. Rdf2 Red8 27. Qf3 Rc2 28. Qg4 Rxf2 29. Rxf2 Qb3 30. Qf3 Rf8 31. Kh2 f6 32. Bf4 fxe5 33. Qxb3+ 1-0


[Site "https://www.chess.com"]

[Event "Titled Tuesday Blitz January 17 Late 2023"]
[White "Guevara Sanchez, Erick Marvin"]
[Black "MitzyCaballero"]
[WhiteFideId "6700136"]
[WhiteElo "2073"]
[BlackElo "2313"]
[Result "1/2-1/2"]
[Round "07"]
[TimeControl "180+2"]
[Date "2023.01.17"]
[WhiteClock "0:00:12"]
[BlackClock "0:00:13"]

1. e4 e6 2. d4 d5 3. Bd3 dxe4 4. Bxe4 Nf6 5. Bf3 c5 6. Ne2 Nc6 7. Be3 cxd4 8. Nxd4 Ne5 9. Nc3 Bb4 10. Qe2 O-O 11. O-O-O Bxc3 12. bxc3 Qa5 13. Nb3 Qxa2 14. Bc5 Nxf3 15. Bxf8 Bd7 16. Be7 Nd5 17. gxf3 Ba4 18. Qc4 Nxe7 19. Rd4 g6 20. Qxa4 Qxa4 21. Rxa4 Nd5 22. Kb2 b5 23. Rd4 a5 24. Ra1 a4 25. Nd2 Rc8 26. Ne4 Rc6 27. c4 bxc4 28. Rxa4 f5 29. Rdxc4 Rb6+ 30. Kc1 fxe4 31. fxe4 Nf4 32. Ra7 Rb8 33. Rcc7 e5 34. Rg7+ Kf8 35. Rxh7 Kg8 36. Rag7+ Kf8 37. Rb7 Kg8 38. Rxb8+ Kxh7 39. c4 Nh3 40. c5 Nxf2 41. c6 Nxe4 42. c7 Nd6 43. c8=Q Nxc8 44. Rxc8 Kh6 45. Kd2 Kg5 46. Ke3 Kg4 47. Ke4 g5 48. Rh8 1/2-1/2


[Site "https://www.chess.com"]

[Event "Titled Tuesday Blitz January 17 Late 2023"]
[White "Bouget, Alexandre"]
[Black "Vargas, Mauricio"]
[WhiteFideId "681318"]
[BlackFideId "4404572"]
[WhiteElo "2267"]
[BlackElo "2035"]
[Result "1-0"]
[Round "07"]
[TimeControl "180+2"]
[Date "2023.01.17"]
[WhiteClock "0:01:06"]
[BlackClock "0:00:01"]

1. d4 d5 2. c4 c6 3. Nc3 e6 4. Nf3 dxc4 5. e4 b5 6. a4 Bb4 7. Be2 Bb7 8. O-O Bxc3 9. bxc3 a6 10. Ba3 Ne7 11. Qb1 O-O 12. Bxc4 Nd7 13. Bd3 h6 14. Bd6 Rc8 15. e5 Re8 16. Be4 Nd5 17. Bxd5 exd5 18. Nh4 Re6 19. Nf5 c5 20. axb5 axb5 21. Qxb5 Bc6 22. Qb1 Qg5 23. f4 Qg4 24. Ra2 Rxd6 25. Nxd6 Rb8 26. Qf5 Qh4 27. Qxf7+ Kh8 28. Nf5 Qg4 29. h3 1-0


[Site "https://www.chess.com"]

[Event "Titled Tuesday Blitz January 17 Late 2023"]
[White "Fajdetic, Hrvoje"]
[Black "Novikova, Galina"]
[WhiteFideId "14501945"]
[BlackFideId "4157095"]
[WhiteElo "2151"]
[BlackElo "2073"]
[Result "0-1"]
[Round "07"]
[TimeControl "180+2"]
[Date "2023.01.17"]
[WhiteClock "0:00:02"]
[BlackClock "0:00:07"]

1. f4 e5 2. fxe5 d6 3. exd6 Bxd6 4. Nf3 g5 5. g3 g4 6. Nh4 Nc6 7. d4 Nxd4 8. Nc3 Be6 9. Be3 Nc6 10. Qd2 Qd7 11. O-O-O O-O-O 12. Bg2 a6 13. Rhf1 Nge7 14. Ne4 Nd5 15. Bg5 Be7 16. Bxe7 Qxe7 17. Nf5 Bxf5 18. Rxf5 Ndb4 19. Qe1 Nxa2+ 20. Kb1 Nab4 21. Nc3 Rxd1+ 22. Qxd1 Rd8 23. Qf1 Kb8 24. Rxf7 Qe6 25. Qf4 Rd6 26. Rf8+ Ka7 27. Bxc6 Nxc6 28. e4 Qc4 29. Qe3+ b6 30. Rf7 Kb7 31. Rf2 Nd4 32. Rd2 c5 0-1


[Site "https://www.chess.com"]

[Event "Titled Tuesday Blitz January 17 Late 2023"]
[White "Smith, Garrett L"]
[Black "Sabar, Ethmane Daouda"]
[WhiteFideId "2024829"]
[BlackFideId "19600097"]
[WhiteElo "2047"]
[BlackElo "2040"]
[Result "0-1"]
[Round "07"]
[TimeControl "180+2"]
[Date "2023.01.17"]
[WhiteClock "0:00:06"]
[BlackClock "0:00:02"]

1. e4 e5 2. Nf3 Nc6 3. Bc4 Nf6 4. Ng5 d5 5. exd5 b5 6. Bf1 Nxd5 7. Bxb5 Bb7 8. d3 Be7 9. Nf3 Bf6 10. O-O O-O 11. Re1 Nd4 12. Nxd4 exd4 13. Nd2 Nf4 14. Ne4 Be5 15. Qg4 f5 16. Qg5 fxe4 17. Qxe5 Nxg2 18. Bc4+ Kh8 19. Bh6 Qd7 20. Be6 Qe7 21. Kxg2 e3+ 22. f3 Rxf3 23. Bxg7+ Qxg7+ 24. Qxg7+ Kxg7 25. Bg4 Rf2+ 26. Kg3 Rg2+ 27. Kh4 h5 28. Bf5 Rf8 29. Be4 Bxe4 30. dxe4 Rg4+ 31. Kh3 Rf3# 0-1


[Site "https://www.chess.com"]

[Event "Titled Tuesday Blitz January 17 Late 2023"]
[White "Michalski, Olaf"]
[Black "rikchessmx"]
[WhiteFideId "1106740"]
[WhiteElo "2273"]
[BlackElo "2289"]
[Result "0-1"]
[Round "07"]
[TimeControl "180+2"]
[Date "2023.01.17"]
[WhiteClock "0:00:01"]
[BlackClock "0:00:49"]

1. d4 e6 2. c4 Nf6 3. Nf3 c5 4. d5 b5 5. Nc3 b4 6. Nb1 Bb7 7. dxe6 fxe6 8. e3 Be7 9. b3 O-O 10. Bb2 a5 11. a4 bxa3 12. Nxa3 Nc6 13. Be2 Nb4 14. O-O Ng4 15. h3 Nh6 16. Ne5 d6 17. Bf3 Bxf3 18. Nxf3 e5 19. Nb5 Qb6 20. e4 Rf4 21. Bc1 Rxe4 22. Bxh6 gxh6 23. Nd2 Rf4 24. g3 Rf6 25. Ne4 Rg6 26. h4 Qc6 27. h5 Qxe4 28. hxg6 Qxg6 29. Nc7 Rf8 30. Rxa5 h5 31. Nd5 Bd8 32. Nxb4 Bxa5 33. Nc6 Bd8 34. Qd5+ Qf7 35. Nxd8 Qxd5 36. cxd5 Rxd8 37. Ra1 Rb8 38. Ra6 Rxb3 39. Rxd6 Kf7 40. Re6 Rd3 41. Rxe5 c4 42. Rxh5 Kg6 43. Re5 c3 44. Re6+ Kf5 45. Rc6 Ke5 46. d6 Ke6 47. Kf1 Kd7 0-1


[Site "https://www.chess.com"]

[Event "Titled Tuesday Blitz January 17 Late 2023"]
[White "Curtis, John"]
[Black "Ferriz Barrios, Andres"]
[WhiteFideId "3200256"]
[BlackFideId "5104467"]
[WhiteElo "2292"]
[BlackElo "2102"]
[Result "0-1"]
[Round "07"]
[TimeControl "180+2"]
[Date "2023.01.17"]
[WhiteClock "0:00:03"]
[BlackClock "0:00:45"]

1. e4 e6 2. d4 d5 3. Nd2 dxe4 4. Nxe4 Nd7 5. Nf3 Ngf6 6. Ng3 b6 7. Bd3 Bb7 8. O-O Bd6 9. Re1 O-O 10. Bg5 h6 11. Bxf6 Qxf6 12. Be4 Bd5 13. Nh5 Qd8 14. Bxd5 exd5 15. Qd3 g6 16. Ng3 Nf6 17. Ne5 Kg7 18. Re3 Re8 19. Rae1 c5 20. c3 Qc7 21. f4 cxd4 22. cxd4 Re7 23. h4 Rae8 24. h5 Bxe5 25. fxe5 Ng4 26. hxg6 fxg6 27. Rf3 Rf7 28. Rxf7+ Qxf7 29. Rf1 Qe7 30. Qf3 h5 31. Qf4 Qh4 32. Ne2 Kh7 33. Qg3 Qg5 34. Rf7+ Kg8 35. Rf4 Re7 36. Nc3 Rf7 37. Rf1 Rxf1+ 38. Kxf1 Qc1+ 39. Qe1 Qxb2 40. Kg1 Qb4 41. e6 Qxd4+ 42. Kh1 Qf4 43. g3 Qf3+ 44. Kg1 Ne3 45. Qe2 Qxg3+ 46. Kh1 Nf5 47. Nxd5 Qd6 0-1


[Site "https://www.chess.com"]

[Event "Titled Tuesday Blitz January 17 Late 2023"]
[White "Herbst, Richard"]
[Black "Souza, Gustavo Horokoski De"]
[WhiteFideId "2041251"]
[BlackFideId "2146584"]
[WhiteElo "2120"]
[BlackElo "1943"]
[Result "1-0"]
[Round "07"]
[TimeControl "180+2"]
[Date "2023.01.17"]
[WhiteClock "0:01:09"]
[BlackClock "0:00:08"]

1. e4 e6 2. d4 d5 3. e5 c5 4. c3 Nc6 5. Nf3 Qb6 6. Bd3 Nge7 7. Na3 cxd4 8. O-O dxc3 9. bxc3 a6 10. Rb1 Qc7 11. Re1 Ng6 12. Qe2 Bd7 13. h4 Nf4 14. Bxf4 Bxa3 15. c4 dxc4 16. Bxc4 b5 17. Bd3 Bc5 18. Rbc1 Qa7 19. Ng5 h6 20. Ne4 Be7 21. Qg4 O-O 22. Bxh6 g6 23. Nf6+ Kh8 24. Qg5 Qd4 25. Bxf8 Bxf8 26. Bxg6 fxg6 27. Qxg6 Qxh4 28. Qg8# 1-0


[Site "https://www.chess.com"]

[Event "Titled Tuesday Blitz January 17 Late 2023"]
[White "Cueto, Jonny"]
[Black "Coe, William"]
[WhiteFideId "3300145"]
[BlackFideId "30913624"]
[WhiteElo "2122"]
[BlackElo "2078"]
[Result "1-0"]
[Round "07"]
[TimeControl "180+2"]
[Date "2023.01.17"]
[WhiteClock "0:00:04"]
[BlackClock "0:00:01"]

1. d4 f5 2. Bf4 Nf6 3. e3 e6 4. Nf3 d5 5. Nbd2 Bd6 6. Ne5 O-O 7. Bd3 Ne4 8. Qe2 Nd7 9. Ndf3 Nxe5 10. Nxe5 Bxe5 11. Bxe5 c5 12. f3 Nf6 13. c3 cxd4 14. exd4 a6 15. g4 b5 16. gxf5 exf5 17. O-O Qe8 18. Kh1 Qh5 19. Rg1 Ra7 20. Rg3 Re7 21. Rag1 Rff7 22. Qg2 Qh6 23. Rg5 Ne8 24. f4 Be6 25. Qg3 Nf6 26. Bxf6 Rxf6 27. Re1 Kf8 28. Bf1 g6 29. Bg2 Bf7 30. Rxe7 Kxe7 31. Qf2 Qf8 32. Rg3 1-0


[Site "https://www.chess.com"]

[Event "Titled Tuesday Blitz January 17 Late 2023"]
[White "Stead, Kerry"]
[Black "Rose, Felix"]
[WhiteFideId "3202577"]
[BlackFideId "5105722"]
[WhiteElo "1908"]
[BlackElo "2091"]
[Result "0-1"]
[Round "07"]
[TimeControl "180+2"]
[Date "2023.01.17"]
[WhiteClock "0:00:26"]
[BlackClock "0:00:12"]

1. d4 d5 2. c4 e6 3. Nc3 Nf6 4. Nf3 Be7 5. Bg5 Nbd7 6. e3 h6 7. Bh4 O-O 8. Rc1 c6 9. Qb3 dxc4 10. Bxc4 b5 11. Bd3 Bb7 12. O-O a6 13. a4 b4 14. Ne2 Qa5 15. e4 c5 16. Bxf6 Nxf6 17. Ng3 Rfd8 18. dxc5 Bxc5 19. Rfd1 Rac8 20. Bc2 Qb6 21. Rf1 Ng4 22. e5 Nxf2 23. Ra1 Bd5 24. Bh7+ Kxh7 25. Qc2+ Kg8 26. Rxf2 Be3 27. Qe2 Bc4 28. Qe1 Rd3 29. Ne4 Rcd8 30. Nd6 Bd5 31. Qe2 Bxf2+ 32. Qxf2 Qxf2+ 33. Kxf2 Bxf3 34. gxf3 Rd2+ 35. Kg3 Rxb2 36. Rc1 b3 37. Rc6 Re2 38. f4 Rb8 39. Nc4 b2 40. Nxb2 Rbxb2 41. Rxa6 Rg2+ 42. Kf3 Rxh2 43. Ra8+ Kh7 44. a5 Kg6 45. a6 Kf5 46. a7 Rh3# 0-1


[Site "https://www.chess.com"]

[Event "Titled Tuesday Blitz January 17 Late 2023"]
[White "Martinez Olivera, Miguel"]
[Black "Thiel, Thomas"]
[WhiteFideId "3000559"]
[BlackFideId "4615964"]
[WhiteElo "2027"]
[BlackElo "2234"]
[Result "1-0"]
[Round "07"]
[TimeControl "180+2"]
[Date "2023.01.17"]
[WhiteClock "0:00:27"]
[BlackClock "0:00:03"]

1. Nf3 Nf6 2. d4 g6 3. c4 Bg7 4. Nc3 d5 5. e3 O-O 6. Qb3 dxc4 7. Bxc4 c5 8. dxc5 Nc6 9. Be2 Qa5 10. O-O Qxc5 11. Bd2 Na5 12. Qb5 Qxb5 13. Bxb5 Nc6 14. h3 Bd7 15. Rfd1 a6 16. Be2 Rac8 17. Be1 Rfd8 18. Rd2 Be6 19. Rad1 Rxd2 20. Rxd2 h6 21. Rd1 Nd7 22. Nd4 Nxd4 23. exd4 Nf6 24. Bf3 Rc7 25. Bd2 Rd7 26. Be3 Nd5 27. Nxd5 Bxd5 28. Bxd5 Rxd5 29. Rd2 e6 30. Kf1 Kf8 31. Ke2 Ke7 32. b3 Kd7 33. f4 Ra5 34. Kf3 Kc6 35. Ke4 f5+ 36. Kd3 Kd5 37. Rc2 Bf8 38. g4 Be7 39. Rg2 fxg4 40. hxg4 g5 41. f5 exf5 42. gxf5 Kd6 43. Ke4 Bf6 44. Bg1 Ke7 45. Rd2 h5 46. Be3 g4 47. Rg2 Kd6 48. Bf4+ Kd7 49. Be5 Bd8 50. Bf4 Rb5 51. Be5 Rb4 52. Kd3 a5 53. Kc3 Rb5 54. Kc4 Rb4+ 55. Kc3 b5 56. Kd3 a4 57. Kc3 Ba5 58. Kc2 axb3+ 59. axb3 Bd8 60. Kc3 Ba5 61. Kc2 Bd8 62. Rg1 Ba5 63. Rg3 Bd8 64. Rg1 Ba5 65. Rh1 1-0


[Site "https://www.chess.com"]

[Event "Titled Tuesday Blitz January 17 Late 2023"]
[White "O`Gorman, Tom"]
[Black "Marcolino, Daniel Mattos"]
[WhiteFideId "2508249"]
[BlackFideId "2106841"]
[WhiteElo "2355"]
[BlackElo "2006"]
[Result "1-0"]
[Round "07"]
[TimeControl "180+2"]
[Date "2023.01.17"]
[WhiteClock "0:01:07"]
[BlackClock "0:00:58"]

1. e4 d5 2. exd5 Qxd5 3. Nc3 Qd8 4. d4 Nf6 5. Bc4 a6 6. Nf3 b5 7. Bb3 c5 8. dxc5 Qxd1+ 9. Nxd1 e6 10. a4 b4 11. Be3 Nbd7 12. c6 Nc5 13. O-O Be7 14. Ne5 O-O 15. f4 a5 16. Nf2 Ba6 17. Rfd1 Rac8 18. Bc4 Bxc4 19. Nxc4 Rxc6 20. Nxa5 Ra6 21. Bxc5 Bxc5 22. Nb3 Be3 23. Kf1 Bxf4 24. Nd3 Bxh2 25. Nxb4 Rb6 26. c3 Ne4 27. a5 Rbb8 28. Nd4 f5 29. a6 f4 30. Nxe6 Rf7 31. a7 Ra8 32. Rd8+ Rxd8 33. Nxd8 Rxa7 34. Rxa7 Ng3+ 35. Ke1 1-0


[Site "https://www.chess.com"]

[Event "Titled Tuesday Blitz January 17 Late 2023"]
[White "Rosh Jain"]
[Black "Weisz, Bryan"]
[WhiteFideId "25789465"]
[BlackFideId "30934133"]
[WhiteElo "2248"]
[BlackElo "1973"]
[Result "1-0"]
[Round "07"]
[TimeControl "180+2"]
[Date "2023.01.17"]
[WhiteClock "0:01:57"]
[BlackClock "0:01:26"]

1. e4 f5 2. exf5 Kf7 3. Qh5+ g6 4. fxg6+ Kg7 5. gxh7 Nf6 6. Qg5+ Kf7 7. Bd3 e6 8. Nf3 Nc6 9. Qg6+ Ke7 10. Ng5 Ne5 11. Nf7 Nxg6 12. Bxg6 Qe8 13. Nxh8 Qd8 14. Nf7 Qe8 15. h8=Q 1-0


[Site "https://www.chess.com"]